 Dungeon Crawl Stone Soup version 0.29.1-2-gbd0b4ee654 (webtiles) character file.

Game seed: 2568747711348993219

353 warriortoast the Digger (level 6, 0/36 HPs)
             Began as a Gargoyle Earth Elementalist on Nov 28, 2022.
             Slain by a wight
             ... wielding a +3 flail of freezing
              (15 damage)
             ... on level 4 of the Dungeon.
             The game lasted 00:08:19 (3749 turns).

warriortoast the Digger (GrEE)                      Turns: 3749, Time: 00:08:19

Health: 0/36       AC:  8    Str: 14    XL:     6   Next: 62%
Magic:  9/10       EV: 13    Int: 21    God:
Gold:   230        SH:  0    Dex: 16    Spells: 5/11 levels left

rFire   . . .      SeeInvis .   i - +1 dagger (elec)
rCold   . . .      Faith    .   (no shield)
rNeg    + . .      Spirit   .   a - +0 robe
rPois   ∞          Reflect  .   (no helmet)
rElec   +          Harm     .   (no cloak)
rCorr   .          Rampage  .   f - +0 pair of gloves
Will    .....                   y - +0 pair of boots
Stlth   +++.......              (no amulet)
HPRegen 0.12/turn               m - +6 ring of dexterity
MPRegen 0.12/turn               s - +6 ring of intelligence

@: no status effects
A: sickness immunity, AC +4, negative energy resistance 1, electricity
resistance, torment resistance 1, petrification resistance
a: no special abilities


You were on level 4 of the Dungeon.
You visited 1 branch of the dungeon, and saw 4 of its levels.

You collected 230 gold pieces.

Inventory:

Hand Weapons
 i - a +1 dagger of electrocution (weapon)
 n - a +0 mace
 v - a +0 flail
Missiles
 g - 3 boomerangs
Armour
 a - a +0 robe (worn)
 f - a +0 pair of gloves (worn)
 w - a +0 chain mail of cold resistance
 y - a +0 pair of boots (worn)
Jewellery
 m - a +6 ring of dexterity (left hand)
 p - a ring of fire
 s - a +6 ring of intelligence (right hand)
 u - a +4 ring of evasion
Wands
 A - a wand of flame (31)
 C - a wand of acid (2)
Scrolls
 j - 2 scrolls of poison {unknown}
 l - a scroll of blinking {unknown}
 o - 2 scrolls of identify {unknown}
 x - a scroll of enchant armour {unknown}
 z - 2 scrolls of immolation {unknown}
 B - a scroll of teleportation {unknown}
 E - a scroll of vulnerability {unknown}
Potions
 b - a potion of magic
 c - 3 potions of flight {unknown}
 d - 3 potions of heal wounds {unknown}
 e - 2 potions of cancellation {unknown}
 h - a potion of haste {unknown}
 k - 2 potions of degeneration {unknown}
 q - a potion of attraction {unknown}
 r - a potion of might {unknown}
 t - a potion of lignification {unknown}
 D - a potion of ambrosia {unknown}


   Skills:
 + Level 2.6 Fighting
 + Level 2.6 Dodging
 + Level 3.7 Stealth
 + Level 3.1 Spellcasting
 + Level 2.1 Transmutations
 + Level 4.8 Earth Magic


You had 5 spell levels left.
You knew the following spells:

 Your Spells              Type           Power      Damage    Failure   Level
a - Sandblast             Erth           46%        2d11      1%          1
b - Passwall              Tmut/Erth      14%        N/A       4%          2
c - Stone Arrow           Conj/Erth      26%        3d8       14%         3

Your spell library contained the following spells:

 Spells                   Type           Power      Damage    Failure   Level
 Petrify                  Tmut/Erth      17%        N/A       30%         4


Dungeon Overview and Level Annotations

Branches:
Dungeon (4/15)
 Temple: D:4-7

Altars:
Dithmenos
Kikubaaqudgha
Trog
Vehumet


Innate Abilities, Weirdness & Mutations

You are immune to sickness and miasma.
Your stone body is resilient. (AC +4)
You are immune to poison.
You resist negative energy. (rN+)
You are resistant to electric shocks. (rElec)
You are resistant to unholy torment.
You are immune to petrification.


Message History

E - a scroll labelled XIHIRE ALECZIO You now have 220 gold pieces (gained 12).
Found a stone staircase leading down.
You now have 230 gold pieces (gained 10).
Found 3 poisoned darts.
Found a stone staircase leading up.
A worm comes into view.
The blast of sand hits the worm!
The worm is almost dead.
The blast of sand hits the worm!
You kill the worm!
Found a stone staircase leading up.
You see here a worm corpse.
There is a stone staircase leading up here.
Found a rapier.
Found a stone.
You open the door. 2 wights come into view.
A wight is wielding a +4 great sword of freezing.
A wight is wielding a +3 flail of freezing.
Found 3 scrolls labelled HOLIGH BUDICO.
A wight comes into view. It is wielding a +4 mace.
There is an open door here.
The blast of sand hits the wight!
The wight is severely damaged.
The blast of sand hits the wight.
The wight is moderately damaged.
The blast of sand hits the wight!
The wight is severely damaged.
The wight hits you with a +3 flail of freezing.
The wight freezes you. The wight closely misses you.
The wight hits you with a +3 flail of freezing.
The wight freezes you. The wight attacks as you move away!
The wight closely misses you.
Unknown command.
The wight attacks as you move away!
The wight hits you with a +3 flail of freezing!
The wight freezes you.
There is a stone staircase leading up here.
The wight hits you with a +3 flail of freezing!
You die...

##### #.. ....# #.# ###.#
#.# ###. # #.#
#############.##..(. # #.#
........##.......# # #.#
#.#....z.z#)..### ###.#
#...##.###.....# ....# ##.#
#z# ##...####.# #####
#.###.###@# ##.......# #
#.........# #.####### #
#####†##### #.# # ##..# #'#
# ##.#.## #...# # #.###.#
#..?..# # ####.#.####
#.......#
#######.........##.........#
..........<......+.........+


You could see 2 wights.

Vanquished Creatures
  A black bear (D:4)
  2 electric eels (D:3)
  An orc wizard (D:3)
  8 adders
  3 worms
  2 dart slugs (D:1)
  3 orcs (D:3)
  4 ball pythons
  6 endoplasms
  5 giant cockroaches
  12 goblins
  10 hobgoblins
  2 quokkas
  6 bats
  2 frilled lizards (D:1)
  5 kobolds
  7 rats
79 creatures vanquished.

Vanquished Creatures (others)
  2 plants (D:3)
2 creatures vanquished.

Grand Total: 81 creatures vanquished

Notes
Turn   | Place    | Note
-------+----------+-------------------------------------------
     0 | D:1      | warriortoast the Gargoyle Earth Elementalist began the
                  | quest for the Orb.
     0 | D:1      | Reached XP level 1. HP: 10/10 MP: 3/3
   310 | D:1      | Reached skill level 1 in Transmutations
   353 | D:1      | Reached XP level 2. HP: 16/16 MP: 3/5
   691 | D:1      | Reached XP level 3. HP: 20/20 MP: 0/6
   788 | D:1      | Reached skill level 1 in Fighting
  1401 | D:2      | Reached skill level 4 in Earth Magic
  1578 | D:2      | Reached XP level 4. HP: 20/25 MP: 4/7
  1691 | D:2      | Learned a level 2 spell: Passwall
  1695 | D:2      | Learned a level 3 spell: Stone Arrow
  2519 | D:3      | Reached XP level 5. HP: 30/30 MP: 6/8
  3061 | D:3      | Found a transporter.
  3191 | D:3      | Found a transporter.
  3416 | D:3      | Reached XP level 6. HP: 36/36 MP: 10/10
  3452 | D:4      | Found a radiant altar of Vehumet.
  3479 | D:4      | Noticed a black bear
  3486 | D:4      | Killed a black bear
  3542 | D:4      | Found a bloodstained altar of Trog.
  3544 | D:4      | Found a shadowy altar of Dithmenos.
  3545 | D:4      | Found an ancient bone altar of Kikubaaqudgha.
  3749 | D:4      | Slain by a wight

Illustrated notes

Levels and vault maps discovered:
D:1:      dpeg_arrival_rooms_a, layout_basic
D:2:      layout_loops_cross, moated_statue, minmay_octomino_c4
D:3:      gammafunk_steamed_eel, layout_loops_ring
D:4:      layout_loops_corners, vehumet_altar_wand_db,
          makhleb_altar_promises_db, marbit_many_paths,
          chequers_temple_overflow_statue_of_worship, kennysheep_generic_room_2

Skill      XL: |  1  2  3  4  5 |
---------------+----------------+-----
Transmutations | 1 2 |  2.1
Fighting       | 1 2 |  2.6
Earth Magic    | 4 |  4.8
Dodging        | 2 |  2.6
Stealth        | 3 |  3.7
Spellcasting   | 3 |  3.1

Action                   |  1- 3 |  4- 6 || total
-------------------------+-------+-------++-------
Melee: Dagger            |     3 |     1 ||     4
 Cast: Sandblast         |    45 |    70 ||   115
Evoke: Wand              |       |     8 ||     8
Armor: Robe              |     4 |    11 ||    15
Dodge: Dodged            |    14 |    19 ||    33
